Devils vs Canucks
Created - 14 janvier 2015 at 23:19
Goals
|
| Devils |
0 |
1 |
1 |
2 |
| Canucks |
2 |
2 |
0 |
4 |
|
Shots
|
| Devils |
14 |
10 |
7 |
31 |
| Canucks |
6 |
10 |
12 |
28 |
|
1st period
1. Canucks , Joe Sakic 14 (Peter Worrell, Kim Johnsson) at 13:44
2. Canucks , Matt Stajan 18 (Jaromir Jagr, Andy Rogers) at 14:00
Penalties :
Nikolai Zherdev (Van) for Hooking (Minor) at 10:41
2nd period
3. Canucks , Peter Worrell 16 (Alex Goligoski, Steve Montador) at 8:24
4. Devils , Stephen Weiss 11 (Patric Hornqvist, Ladislav Nagy) at 16:53
5. Canucks , Clarke MacArthur 18 (Joe Sakic, Alex Goligoski) at 17:27
Penalties :
Maxim Afinogenov (NJD) for Holding (Minor) at 0:19, Chris Mcallister (NJD) for Roughing (Minor) at 9:55, Alex Tanguay (Van) for Holding (Minor) at 18:36
3rd period
6. Devils , Vincent Lecavalier 32 (Guillaume Latendresse, Andy Greene) at 14:12
Penalties :
No Penalty
Goalie Stats
Dan Ellis (NJD), 12 saves from 12 shots - (1,000), 22:33 minutes
Viktor Fasth (NJD), 12 saves from 16 shots - (0,750), L, 21-8-2, 37:27 minutes
Carey Price (Van), 29 saves from 31 shots - (0,935), W, 24-16-3, 60:00 minutes
Players Stats for Devils
Player Name G A P +/- PIM S H SB GA TA FO MP PP MP PK MP
------------------------------------------------------------------------------------
Andy Greene 0 1 1 -1 0 1 0 0 0 1 0/0 14:06 0:00 0:00
Ben Lovejoy 0 0 0 1 0 2 1 3 0 0 0/0 19:38 2:51 0:00
Brad Ference 0 0 0 0 0 0 2 1 1 0 0/0 18:57 0:00 2:29
Chris Mcallister 0 0 0 0 2 0 1 0 1 0 0/0 9:41 0:00 0:46
Dustin Boyd 0 0 0 0 0 2 1 0 0 0 2/9 11:50 0:00 0:25
Greg Stewart 0 0 0 0 0 4 1 0 2 0 0/1 14:33 2:20 0:49
Guillaume Latendresse 0 1 1 -2 0 2 1 1 1 1 0/0 21:15 1:38 2:03
Jason Arnott 0 0 0 0 0 0 0 0 0 1 3/4 10:24 0:00 2:03
Jay Bouwmeester 0 0 0 -2 0 0 1 1 2 0 0/0 26:01 2:51 2:29
Ladislav Nagy 0 1 1 0 0 3 1 0 0 0 0/0 15:37 0:00 0:57
Maxim Afinogenov 0 0 0 -2 2 2 1 1 1 1 1/2 20:11 2:20 0:00
Mike Komisarek 0 0 0 -2 0 2 1 2 1 0 0/0 23:47 1:07 1:29
Mike Lundin 0 0 0 0 0 2 0 3 0 0 0/0 17:31 1:07 1:29
Patric Hornqvist 0 1 1 0 0 1 1 1 0 0 0/1 16:18 1:38 0:00
Patrick Eaves 0 0 0 0 0 1 1 0 0 1 0/0 10:58 0:00 0:00
Petr Sykora 0 0 0 0 0 0 2 0 0 0 0/0 8:04 0:00 0:00
Stephen Weiss 1 0 1 0 0 6 2 0 1 0 5/10 16:04 1:38 0:00
Vincent Lecavalier 1 0 1 -2 0 3 4 1 0 0 18/26 21:05 2:20 0:53
Players Stats for Canucks
Player Name G A P +/- PIM S H SB GA TA FO MP PP MP PK MP
------------------------------------------------------------------------------------
Alex Goligoski 0 2 2 2 0 1 2 5 0 3 0/0 27:20 1:57 2:57
Alex Tanguay 0 0 0 -1 2 3 1 0 0 0 1/1 14:10 0:00 0:26
Andy Rogers 0 1 1 0 0 0 0 2 0 0 0/0 12:20 0:00 0:00
Clarke MacArthur 1 0 1 2 0 1 1 0 0 1 1/1 15:35 1:54 0:22
David Jones 0 0 0 2 0 0 2 0 1 0 0/0 15:13 1:54 0:00
Jaromir Jagr 0 1 1 1 0 2 1 1 1 3 3/7 22:10 2:04 2:28
Joe Sakic 1 1 2 2 0 2 2 0 0 0 3/3 15:55 1:54 0:42
Karl Alzner 0 0 0 0 0 1 0 1 0 0 0/0 12:20 0:00 0:00
Kim Johnsson 0 1 1 0 0 2 2 0 1 1 0/0 20:20 2:01 1:01
Matt Stajan 1 0 1 1 0 2 0 0 2 1 14/33 20:23 2:04 0:42
Maxim Lapierre 0 0 0 -1 0 0 2 0 0 0 1/4 13:38 0:00 0:00
Nikolai Zherdev 0 0 0 -1 2 2 1 0 0 0 0/0 13:09 0:00 0:00
Nils Ekman 0 0 0 0 0 3 0 0 0 1 0/0 7:23 0:00 0:00
Peter Worrell 1 1 2 1 0 5 1 1 0 0 1/1 22:10 2:04 2:28
Ryan Craig 0 0 0 0 0 1 0 0 0 0 0/2 7:23 0:00 0:00
Sami Lepisto 0 0 0 0 0 1 0 1 0 0 0/0 20:20 2:01 1:01
Steve Montador 0 1 1 2 0 0 1 1 0 0 0/0 27:20 1:57 2:57
Steve Ott 0 0 0 0 0 2 2 1 0 0 0/1 8:51 0:00 0:48
3 Stars
1 - Joe Sakic (Van)
2 - Alex Goligoski (Van)
3 - Peter Worrell (Van)
Power Play
Devils - 0 on 2 Attempt(s) - 0,00%
Canucks - 0 on 2 Attempt(s) - 0,00%
Penalty Kill
Devils - 2 on 2 Attempt(s) - 100,00%
- Score 0 goal in Penalty Kill
Canucks - 2 on 2 Attempt(s) - 100,00%
- Score 0 goal in Penalty Kill
Team Stat
Devils - Hits : 21 - Faceoff Wins : 29 - Blocked Shots : 14 - Penalty Minutes : 4
Canucks - Hits : 18 - Faceoff Wins : 24 - Blocked Shots : 13 - Penalty Minutes : 4
Official
Referees : VanMassenhoven Don and Auger Stephane
Linesman : Ryan Galloway and Pierre Racicot
Game Notes
Dan Ellis enters game at 17:27 of 2nd period
Finance
Level 1 -- Attendance: 4297 (71,62%) -- Ticket Income 395 324 $
Level 2 -- Attendance: 4831 (96,62%) -- Ticket Income 251 212 $
Level 3 -- Attendance: 1863 (93,15%) -- Ticket Income 55 890 $
Level 4 -- Attendance: 3788 (94,70%) -- Ticket Income 64 396 $
Luxury Box -- Attendance: 1000 (100,00%) -- Ticket Income 100 000 $
Game was played at the Budweiser Coliseum'
Total Attendance: 15779 (87,66%)
Total Ticket Income: 866 822 $
Other Income: 130 023 $
Total Income: 996 845 $
Devils
5 vs 5 Forward
Center Left Wing Right Wing Time % Phy DF OF
1 Vincent Lecavalier Guillaume Latendresse Maxim Afinogenov 40 1 2 2
2 Stephen Weiss Ladislav Nagy Patric Hornqvist 30 1 2 2
3 Dustin Boyd Greg Stewart Patrick Eaves 20 1 2 2
4 Jason Arnott Chris Mcallister Petr Sykora 10 1 2 2
5 vs 5 Defense
Defense Defense Time % Phy DF OF
1 Jay Bouwmeester Mike Komisarek 40 1 2 2
2 Ben Lovejoy Brad Ference 30 1 2 2
3 Mike Lundin Andy Greene 20 1 2 2
4 Ben Lovejoy Brad Ference 10 1 2 2
PowerPlay Forward
Center Left Wing Right Wing Time % Phy DF OF
1 Vincent Lecavalier Greg Stewart Maxim Afinogenov 60 0 2 3
2 Stephen Weiss Guillaume Latendresse Patric Hornqvist 40 0 2 3
PowerPlay Defense
Defense Defense Time % Phy DF OF
1 Ben Lovejoy Jay Bouwmeester 60 1 2 2
2 Mike Lundin Mike Komisarek 40 1 2 2
Penalty Kill 4 Players Forward
Center Wing Time % Phy DF OF
1 Jason Arnott Guillaume Latendresse 60 1 2 2
2 Vincent Lecavalier Chris Mcallister 40 1 2 2
Penalty Kill 4 Players Defense
Defense Defense Time % Phy DF OF
1 Jay Bouwmeester Brad Ference 60 1 2 2
2 Mike Lundin Mike Komisarek 40 1 2 2
Penalty Kill - 3 Players Forward
Forward Time % Phy DF OF
1 Jason Arnott 60 1 2 2
2 Vincent Lecavalier 40 1 2 2
Penalty Kill - 3 Players Defense
Defense Defense Time % Phy DF OF
1 Jay Bouwmeester Mike Komisarek 60 1 2 2
2 Brad Ference Ben Lovejoy 40 1 2 2
4 vs 4 Forward
Center Wing Time % Phy DF OF
1 Stephen Weiss Ladislav Nagy 60 1 2 2
2 Vincent Lecavalier Guillaume Latendresse 40 1 2 2
4 vs 4 Defense
Defense Defense Time % Phy DF OF
1 Brad Ference Mike Komisarek 60 1 2 2
2 Jay Bouwmeester Mike Lundin 40 1 2 2
Last Minutes Offensive
Center Left Wing Right Wing Defense Defense
Vincent Lecavalier Guillaume Latendresse Maxim Afinogenov Ben Lovejoy Jay Bouwmeester
Last Minutes Defensive
Center Left Wing Right Wing Defense Defense
Jason Arnott Guillaume Latendresse Maxim Afinogenov Mike Komisarek Jay Bouwmeester
Goaltenders
Starting : Viktor Fasth
Backup : Dan Ellis
Extra Forwards
Normal : Jason Arnott, Greg Stewart, Ladislav Nagy - PP : Jason Arnott, Greg Stewart - PK : Ladislav Nagy
Extra Defensemen
Normal : Ben Lovejoy, Mike Komisarek, Andy Greene - PP : Ben Lovejoy - PK : Ben Lovejoy, Mike Lundin
Penalty Shots
Vincent Lecavalier, Maxim Afinogenov, Guillaume Latendresse, Patric Hornqvist, Dustin Boyd
Canucks
5 vs 5 Forward
Center Left Wing Right Wing Time % Phy DF OF
1 Matt Stajan Peter Worrell Jaromir Jagr 49 0 2 3
2 Joe Sakic Clarke MacArthur David Jones 30 0 2 3
3 Maxim Lapierre Alex Tanguay Nikolai Zherdev 20 0 2 3
4 Ryan Craig Steve Ott Nils Ekman 1 0 3 2
5 vs 5 Defense
Defense Defense Time % Phy DF OF
1 Alex Goligoski Steve Montador 40 1 2 2
2 Kim Johnsson Sami Lepisto 30 1 2 2
3 Andy Rogers Karl Alzner 20 1 2 2
4 Alex Goligoski Steve Montador 10 1 2 2
PowerPlay Forward
Center Left Wing Right Wing Time % Phy DF OF
1 Matt Stajan Peter Worrell Jaromir Jagr 60 1 2 2
2 Joe Sakic Clarke MacArthur David Jones 40 1 2 2
PowerPlay Defense
Defense Defense Time % Phy DF OF
1 Alex Goligoski Steve Montador 60 1 2 2
2 Kim Johnsson Sami Lepisto 40 1 2 2
Penalty Kill 4 Players Forward
Center Wing Time % Phy DF OF
1 Jaromir Jagr Peter Worrell 60 1 2 2
2 Matt Stajan Joe Sakic 40 1 2 2
Penalty Kill 4 Players Defense
Defense Defense Time % Phy DF OF
1 Alex Goligoski Steve Montador 60 1 2 2
2 Kim Johnsson Sami Lepisto 40 1 2 2
Penalty Kill - 3 Players Forward
Forward Time % Phy DF OF
1 Jaromir Jagr 60 1 2 2
2 Peter Worrell 40 1 2 2
Penalty Kill - 3 Players Defense
Defense Defense Time % Phy DF OF
1 Alex Goligoski Steve Montador 60 1 2 2
2 Kim Johnsson Sami Lepisto 40 1 2 2
4 vs 4 Forward
Center Wing Time % Phy DF OF
1 Jaromir Jagr Peter Worrell 60 1 2 2
2 Matt Stajan Joe Sakic 40 1 2 2
4 vs 4 Defense
Defense Defense Time % Phy DF OF
1 Alex Goligoski Steve Montador 60 1 2 2
2 Kim Johnsson Sami Lepisto 40 1 2 2
Last Minutes Offensive
Center Left Wing Right Wing Defense Defense
Matt Stajan Peter Worrell Jaromir Jagr Alex Goligoski Steve Montador
Last Minutes Defensive
Center Left Wing Right Wing Defense Defense
Matt Stajan Peter Worrell Jaromir Jagr Alex Goligoski Steve Montador
Goaltenders
Starting : Carey Price
Backup : José Theodore
Extra Forwards
Normal : Alex Tanguay, Maxim Lapierre, Steve Ott - PP : Alex Tanguay, Maxim Lapierre - PK : Steve Ott
Extra Defensemen
Normal : Andy Rogers, Karl Alzner, Kim Johnsson - PP : Andy Rogers - PK : Karl Alzner, Kim Johnsson
Penalty Shots
Jaromir Jagr, Peter Worrell, Matt Stajan, Joe Sakic, Clarke MacArthur
% Time on Ice - Devils
Lines # - Real PCT - Wanted PCT - Time Play
Normal Forward
1 - 35% - 40% - 18:11
2 - 29% - 30% - 14:51
3 - 21% - 20% - 10:58
4 - 15% - 10% - 8:04
Normal Defense
1 - 40% - 40% - 20:41
2 - 29% - 30% - 15:08
3 - 25% - 20% - 13:11
4 - 6% - 10% - 3:04
PP Forward
1 - 59% - 60% - 2:20
2 - 41% - 40% - 1:38
PP Defense
1 - 72% - 60% - 2:51
2 - 28% - 40% - 1:07
PK Forward
1 - 78% - 60% - 3:05
2 - 22% - 40% - 0:53
PK Defense
1 - 63% - 60% - 2:29
2 - 37% - 40% - 1:29
PK3 Forward
1 - 0% - 60%
2 - 0% - 40%
PK3 Defense
1 - 0% - 60%
2 - 0% - 40%
44 Forward
1 - 0% - 60%
2 - 0% - 40%
44 Defense
1 - 0% - 60%
2 - 0% - 40%
Last Minute Offensive - 0:00
Last Minute Defensive - 0:00
Total
Forward - 60:00
Defense - 60:00
|
% Time on Ice - Canucks
Lines # - Real PCT - Wanted PCT - Time Play
Normal Forward
1 - 35% - 49% - 18:18
2 - 26% - 30% - 13:19
3 - 25% - 20% - 13:04
4 - 14% - 1% - 7:23
Normal Defense
1 - 38% - 40% - 19:53
2 - 33% - 30% - 17:18
3 - 24% - 20% - 12:20
4 - 5% - 10% - 2:33
PP Forward
1 - 52% - 60% - 2:04
2 - 48% - 40% - 1:54
PP Defense
1 - 49% - 60% - 1:57
2 - 51% - 40% - 2:01
PK Forward
1 - 82% - 60% - 3:16
2 - 18% - 40% - 0:42
PK Defense
1 - 74% - 60% - 2:57
2 - 26% - 40% - 1:01
PK3 Forward
1 - 0% - 60%
2 - 0% - 40%
PK3 Defense
1 - 0% - 60%
2 - 0% - 40%
44 Forward
1 - 0% - 60%
2 - 0% - 40%
44 Defense
1 - 0% - 60%
2 - 0% - 40%
Last Minute Offensive - 0:00
Last Minute Defensive - 0:00
Total
Forward - 60:00
Defense - 60:00
|
Play by Play
1st period
0:01 of 1st period - Vincent Lecavalier wins face-off versus Matt Stajan in neutral zone.
0:08 of 1st period - Wrist shot by Guillaume Latendresse.
0:08 of 1st period - Stopped by Carey Price with a rebound.
0:10 of 1st period - Snap shot by Maxim Afinogenov.
0:10 of 1st period - Shot Misses the Net.
0:12 of 1st period - Wrist shot by Maxim Afinogenov.
0:12 of 1st period - Stopped by Carey Price with a rebound.
0:14 of 1st period - Wrist shot by Vincent Lecavalier.
0:14 of 1st period - Deflect By Maxim Afinogenov.
0:14 of 1st period - Shot Blocked by Alex Goligoski.
0:14 of 1st period - Puck is out of play.
0:15 of 1st period - Joe Sakic wins face-off versus Patric Hornqvist in Canucks zone.
0:15 of 1st period - Joe Sakic is hit by Ladislav Nagy.
1:09 of 1st period - Wrist shot by Jaromir Jagr.
1:09 of 1st period - Shot Misses the Net.
1:31 of 1st period - Off-side.
1:32 of 1st period - Stephen Weiss wins face-off versus Ryan Craig in neutral zone.
1:37 of 1st period - Snap shot by Ladislav Nagy.
1:37 of 1st period - Stopped by Carey Price without a rebound.
1:38 of 1st period - Matt Stajan wins face-off versus Stephen Weiss in Canucks zone.
1:38 of 1st period - Matt Stajan is hit by Stephen Weiss.
2:07 of 1st period - Backhand shot by Alex Tanguay.
2:07 of 1st period - Stopped by Viktor Fasth with a rebound.
2:13 of 1st period - Wrist shot by Stephen Weiss.
2:13 of 1st period - Stopped by Carey Price with a rebound.
2:17 of 1st period - Wrist shot by Stephen Weiss.
2:17 of 1st period - Shot Blocked by Alex Goligoski.
2:19 of 1st period - Wrist shot by Mike Komisarek.
2:19 of 1st period - Deflect By Nikolai Zherdev.
2:19 of 1st period - Stopped by Carey Price with a rebound.
2:21 of 1st period - Slapshot by Jay Bouwmeester.
2:21 of 1st period - Shot Hit the Post.
2:23 of 1st period - Wrist shot by Stephen Weiss.
2:23 of 1st period - Shot Blocked by Steve Montador.
2:25 of 1st period - Wrist shot by Ladislav Nagy.
2:25 of 1st period - Stopped by Carey Price with a rebound.
2:31 of 1st period - Snap shot by Patric Hornqvist.
2:31 of 1st period - Shot Misses the Net.
2:51 of 1st period - Wrist shot by Stephen Weiss.
2:51 of 1st period - Stopped by Carey Price without a rebound.
2:52 of 1st period - Maxim Afinogenov wins face-off versus Matt Stajan in Canucks zone.
5:51 of 1st period - Jason Arnott is hit by Alex Tanguay and loses puck.
7:26 of 1st period - Snap shot by Alex Tanguay.
7:26 of 1st period - Shot Misses the Net.
7:28 of 1st period - Wrist shot by Nikolai Zherdev.
7:28 of 1st period - Deflect By Maxim Lapierre.
7:28 of 1st period - Shot Misses the Net.
7:28 of 1st period - Puck is out of play.
7:29 of 1st period - Matt Stajan wins face-off versus Jason Arnott in Devils zone.
7:30 of 1st period - Slapshot by Jaromir Jagr.
7:30 of 1st period - Shot Blocked by Ben Lovejoy.
7:41 of 1st period - Snap shot by Petr Sykora.
7:41 of 1st period - Shot Blocked by Andy Rogers.
7:43 of 1st period - Slapshot by Ben Lovejoy.
7:43 of 1st period - Stopped by Carey Price without a rebound.
7:44 of 1st period - Joe Sakic wins face-off versus Vincent Lecavalier in Canucks zone.
8:11 of 1st period - Peter Worrell is hit by Jay Bouwmeester and loses puck.
9:24 of 1st period - Snap shot by Stephen Weiss.
9:24 of 1st period - Stopped by Carey Price with a rebound.
9:27 of 1st period - Icing by Steve Montador.
9:28 of 1st period - Clarke MacArthur wins face-off versus Dustin Boyd in Canucks zone.
9:33 of 1st period - Wrist shot by David Jones.
9:33 of 1st period - Deflect By Joe Sakic.
9:33 of 1st period - Shot Misses the Net.
9:33 of 1st period - Puck is out of play.
9:34 of 1st period - Matt Stajan wins face-off versus Dustin Boyd in Devils zone.
9:41 of 1st period - Snap shot by Patrick Eaves.
9:41 of 1st period - Shot Misses the Net.
9:43 of 1st period - Slapshot by Greg Stewart.
9:43 of 1st period - Shot Blocked by Alex Goligoski.
9:45 of 1st period - Snap shot by Greg Stewart.
9:45 of 1st period - Shot Misses the Net.
9:59 of 1st period - Brad Ference is hit by David Jones and loses puck.
10:19 of 1st period - Snap shot by Stephen Weiss.
10:19 of 1st period - Deflect By Maxim Lapierre.
10:19 of 1st period - Shot Misses the Net.
10:19 of 1st period - Puck is out of play.
10:20 of 1st period - Maxim Lapierre wins face-off versus Stephen Weiss in Canucks zone.
10:31 of 1st period - Wrist shot by Stephen Weiss.
10:31 of 1st period - Stopped by Carey Price with a rebound.
10:33 of 1st period - Slapshot by Andy Greene.
10:33 of 1st period - Stopped by Carey Price with a rebound.
10:41 of 1st period - Minor Penalty to Nikolai Zherdev for Hooking.
10:42 of 1st period - Vincent Lecavalier wins face-off versus Jaromir Jagr in Canucks zone.
10:51 of 1st period - Snap shot by Greg Stewart.
10:51 of 1st period - Deflect By Vincent Lecavalier.
10:51 of 1st period - Stopped by Carey Price without a rebound.
10:52 of 1st period - Vincent Lecavalier wins face-off versus Jaromir Jagr in Canucks zone.
12:02 of 1st period - Snap shot by Alex Tanguay.
12:02 of 1st period - Shot Blocked by Guillaume Latendresse.
12:04 of 1st period - Wrist shot by Alex Tanguay.
12:04 of 1st period - Shot Misses the Net.
12:06 of 1st period - Slapshot by Alex Tanguay.
12:06 of 1st period - Shot Misses the Net.
12:41 of 1st period - Penalty to Nikolai Zherdev is over, Nikolai Zherdev is back on ice.
12:42 of 1st period - Mike Komisarek is hit by Steve Ott.
12:54 of 1st period - Backhand shot by Joe Sakic.
12:54 of 1st period - Shot Blocked by Mike Lundin.
12:56 of 1st period - Slapshot by Steve Montador.
12:56 of 1st period - Shot Blocked by Mike Komisarek.
12:58 of 1st period - Snap shot by David Jones.
12:58 of 1st period - Shot Misses the Net.
13:44 of 1st period - Snap shot by Joe Sakic.
13:44 of 1st period - Goal by Joe Sakic - Devils : 0 - Canucks : 1.
13:45 of 1st period - Matt Stajan wins face-off versus Maxim Afinogenov in neutral zone.
13:52 of 1st period - Wrist shot by Jaromir Jagr.
13:52 of 1st period - Shot Misses the Net.
13:54 of 1st period - Slapshot by Peter Worrell.
13:54 of 1st period - Stopped by Viktor Fasth with a rebound.
13:58 of 1st period - Wrist shot by Jaromir Jagr.
13:58 of 1st period - Stopped by Viktor Fasth with a rebound.
14:00 of 1st period - Wrist shot by Matt Stajan.
14:00 of 1st period - Goal by Matt Stajan - Devils : 0 - Canucks : 2.
14:01 of 1st period - Vincent Lecavalier wins face-off versus Matt Stajan in neutral zone.
14:04 of 1st period - Alex Goligoski is hit by Maxim Afinogenov.
14:27 of 1st period - Patric Hornqvist is hit by Clarke MacArthur and loses puck.
14:52 of 1st period - Snap shot by Greg Stewart.
14:52 of 1st period - Shot Misses the Net.
14:54 of 1st period - Slapshot by Greg Stewart.
14:54 of 1st period - Stopped by Carey Price with a rebound.
15:12 of 1st period - Snap shot by Peter Worrell.
15:12 of 1st period - Shot Misses the Net.
15:34 of 1st period - Wrist shot by Clarke MacArthur.
15:34 of 1st period - Shot Blocked by Mike Lundin.
15:36 of 1st period - Slapshot by Joe Sakic.
15:36 of 1st period - Shot Misses the Net.
15:52 of 1st period - Snap shot by Stephen Weiss.
15:52 of 1st period - Shot Hit the Post.
17:58 of 1st period - Jaromir Jagr is hit by Patrick Eaves and loses puck.
18:35 of 1st period - Chris Mcallister is hit by Joe Sakic and loses puck.
18:44 of 1st period - Wrist shot by Clarke MacArthur.
18:44 of 1st period - Deflect By Joe Sakic.
18:44 of 1st period - Shot Misses the Net.
18:44 of 1st period - Puck is out of play.
18:45 of 1st period - Vincent Lecavalier wins face-off versus Matt Stajan in Devils zone.
19:01 of 1st period - Karl Alzner is hit by Guillaume Latendresse and loses puck.
19:25 of 1st period - Ladislav Nagy is hit by Maxim Lapierre and loses puck.
19:29 of 1st period - Icing by Ben Lovejoy.
19:30 of 1st period - Matt Stajan wins face-off versus Stephen Weiss in Devils zone.
19:33 of 1st period - Wrist shot by Peter Worrell.
19:33 of 1st period - Stopped by Viktor Fasth with a rebound.
19:39 of 1st period - Jaromir Jagr is hit by Stephen Weiss and loses puck.
19:44 of 1st period - Wrist shot by Stephen Weiss.
19:44 of 1st period - Stopped by Carey Price with a rebound.
19:46 of 1st period - Slapshot by Mike Lundin.
19:46 of 1st period - Shot Blocked by Alex Goligoski.
Goals for this period are 0 for Devils vs 2 for Canucks.
Shots for this period are 14 for Devils vs 6 for Canucks.
2nd period
0:01 of 2nd period - Matt Stajan wins face-off versus Vincent Lecavalier in neutral zone.
0:10 of 2nd period - Slapshot by Matt Stajan.
0:10 of 2nd period - Shot Misses the Net.
0:12 of 2nd period - Wrist shot by Peter Worrell.
0:12 of 2nd period - Stopped by Viktor Fasth with a rebound.
0:19 of 2nd period - Minor Penalty to Maxim Afinogenov for Holding.
0:20 of 2nd period - Jason Arnott wins face-off versus Matt Stajan in Devils zone.
0:32 of 2nd period - Guillaume Latendresse is hit by Peter Worrell and loses puck.
2:19 of 2nd period - Penalty to Maxim Afinogenov is over, Maxim Afinogenov is back on ice.
2:30 of 2nd period - Mike Lundin is hit by Alex Goligoski and loses puck.
2:49 of 2nd period - Snap shot by Stephen Weiss.
2:49 of 2nd period - Shot Misses the Net.
2:51 of 2nd period - Slapshot by Mike Komisarek.
2:51 of 2nd period - Stopped by Carey Price with a rebound.
2:53 of 2nd period - Wrist shot by Stephen Weiss.
2:53 of 2nd period - Shot Blocked by Andy Rogers.
2:55 of 2nd period - Slapshot by Mike Lundin.
2:55 of 2nd period - Stopped by Carey Price without a rebound.
2:56 of 2nd period - Dustin Boyd wins face-off versus Maxim Lapierre in Canucks zone.
3:07 of 2nd period - Slapshot by Greg Stewart.
3:07 of 2nd period - Stopped by Carey Price with a rebound.
3:09 of 2nd period - Snap shot by Patrick Eaves.
3:09 of 2nd period - Stopped by Carey Price with a rebound.
3:11 of 2nd period - Slapshot by Ben Lovejoy.
3:11 of 2nd period - Stopped by Carey Price with a rebound.
3:23 of 2nd period - Ladislav Nagy is hit by Steve Montador and loses puck.
4:43 of 2nd period - Guillaume Latendresse is hit by Kim Johnsson and loses puck.
5:02 of 2nd period - Snap shot by Patric Hornqvist.
5:02 of 2nd period - Shot Misses the Net.
5:04 of 2nd period - Snap shot by Jay Bouwmeester.
5:04 of 2nd period - Shot Misses the Net.
5:20 of 2nd period - Wrist shot by Maxim Lapierre.
5:20 of 2nd period - Shot Misses the Net.
5:38 of 2nd period - Sami Lepisto is hit by Petr Sykora.
5:48 of 2nd period - Sami Lepisto is hit by Brad Ference and loses puck.
6:01 of 2nd period - Andy Greene is hit by Kim Johnsson and loses puck.
6:25 of 2nd period - Snap shot by Mike Lundin.
6:25 of 2nd period - Deflect By Alex Goligoski.
6:25 of 2nd period - Stopped by Carey Price without a rebound.
6:26 of 2nd period - Joe Sakic wins face-off versus Dustin Boyd in Canucks zone.
6:39 of 2nd period - Karl Alzner is hit by Brad Ference and loses puck.
6:57 of 2nd period - Jaromir Jagr is hit by Vincent Lecavalier and loses puck.
8:22 of 2nd period - Snap shot by Alex Goligoski.
8:22 of 2nd period - Shot Blocked by Vincent Lecavalier.
8:24 of 2nd period - Snap shot by Peter Worrell.
8:24 of 2nd period - Goal by Peter Worrell - Devils : 0 - Canucks : 3.
8:25 of 2nd period - Vincent Lecavalier wins face-off versus Matt Stajan in neutral zone.
8:28 of 2nd period - Wrist shot by Vincent Lecavalier.
8:28 of 2nd period - Shot Misses the Net.
9:00 of 2nd period - Slapshot by Steve Montador.
9:00 of 2nd period - Shot Blocked by Mike Komisarek.
9:33 of 2nd period - Icing by Kim Johnsson.
9:34 of 2nd period - Jason Arnott wins face-off versus Ryan Craig in Canucks zone.
9:47 of 2nd period - Snap shot by Ryan Craig.
9:47 of 2nd period - Shot Blocked by Brad Ference.
9:49 of 2nd period - Slapshot by Kim Johnsson.
9:49 of 2nd period - Stopped by Viktor Fasth with a rebound.
9:55 of 2nd period - Minor Penalty to Chris Mcallister for Roughing.
9:56 of 2nd period - Jason Arnott wins face-off versus Matt Stajan in Devils zone.
10:27 of 2nd period - Brad Ference is hit by Joe Sakic and loses puck.
11:32 of 2nd period - Kim Johnsson is hit by Vincent Lecavalier and loses puck.
11:55 of 2nd period - Penalty to Chris Mcallister is over, Chris Mcallister is back on ice.
12:03 of 2nd period - Snap shot by Steve Ott.
12:03 of 2nd period - Stopped by Viktor Fasth with a rebound.
12:05 of 2nd period - Wrist shot by Nils Ekman.
12:05 of 2nd period - Stopped by Viktor Fasth with a rebound.
12:07 of 2nd period - Snap shot by Nils Ekman.
12:07 of 2nd period - Stopped by Viktor Fasth with a rebound.
12:15 of 2nd period - Snap shot by Steve Ott.
12:15 of 2nd period - Shot Blocked by Mike Lundin.
12:29 of 2nd period - Snap shot by Ladislav Nagy.
12:29 of 2nd period - Stopped by Carey Price without a rebound.
12:30 of 2nd period - Stephen Weiss wins face-off versus Maxim Lapierre in Canucks zone.
12:45 of 2nd period - Nikolai Zherdev is hit by Ben Lovejoy and loses puck.
12:52 of 2nd period - Snap shot by Stephen Weiss.
12:52 of 2nd period - Shot Misses the Net.
12:54 of 2nd period - Slapshot by Patric Hornqvist.
12:54 of 2nd period - Stopped by Carey Price without a rebound.
12:55 of 2nd period - Vincent Lecavalier wins face-off versus Matt Stajan in Canucks zone.
13:02 of 2nd period - Snap shot by Guillaume Latendresse.
13:02 of 2nd period - Deflect By Maxim Afinogenov.
13:02 of 2nd period - Shot Blocked by Sami Lepisto.
13:02 of 2nd period - Puck is out of play.
13:03 of 2nd period - Vincent Lecavalier wins face-off versus Jaromir Jagr in Canucks zone.
13:34 of 2nd period - Wrist shot by Clarke MacArthur.
13:34 of 2nd period - Shot Blocked by Jay Bouwmeester.
13:36 of 2nd period - Slapshot by Sami Lepisto.
13:36 of 2nd period - Deflect By Stephen Weiss.
13:36 of 2nd period - Stopped by Viktor Fasth without a rebound.
13:37 of 2nd period - Vincent Lecavalier wins face-off versus Matt Stajan in Devils zone.
14:56 of 2nd period - Kim Johnsson is hit by Petr Sykora and loses puck.
15:09 of 2nd period - Snap shot by Ryan Craig.
15:09 of 2nd period - Stopped by Viktor Fasth without a rebound.
15:10 of 2nd period - Vincent Lecavalier wins face-off versus Steve Ott in Devils zone.
15:21 of 2nd period - Snap shot by Guillaume Latendresse.
15:21 of 2nd period - Stopped by Carey Price without a rebound.
15:22 of 2nd period - Vincent Lecavalier wins face-off versus Matt Stajan in Canucks zone.
15:53 of 2nd period - Steve Montador is hit by Mike Komisarek and loses puck.
16:17 of 2nd period - Mike Komisarek is hit by Maxim Lapierre and loses puck.
16:33 of 2nd period - Snap shot by Vincent Lecavalier.
16:33 of 2nd period - Deflect By Maxim Afinogenov.
16:33 of 2nd period - Shot Misses the Net.
16:33 of 2nd period - Puck is out of play.
16:34 of 2nd period - Stephen Weiss wins face-off versus Matt Stajan in Canucks zone.
16:37 of 2nd period - Snap shot by Ladislav Nagy.
16:37 of 2nd period - Deflect By Matt Stajan.
16:37 of 2nd period - Shot Misses the Net.
16:37 of 2nd period - Puck is out of play.
16:38 of 2nd period - Stephen Weiss wins face-off versus Matt Stajan in Canucks zone.
16:39 of 2nd period - Slapshot by Ladislav Nagy.
16:39 of 2nd period - Shot Blocked by Jaromir Jagr.
16:53 of 2nd period - Wrist shot by Stephen Weiss.
16:53 of 2nd period - Goal by Stephen Weiss - Devils : 1 - Canucks : 3.
16:54 of 2nd period - Matt Stajan wins face-off versus Greg Stewart in neutral zone.
17:01 of 2nd period - Snap shot by Matt Stajan.
17:01 of 2nd period - Stopped by Viktor Fasth without a rebound.
17:02 of 2nd period - Matt Stajan wins face-off versus Dustin Boyd in Devils zone.
17:27 of 2nd period - Slapshot by Clarke MacArthur.
17:27 of 2nd period - Goal by Clarke MacArthur - Devils : 1 - Canucks : 4.
17:27 of 2nd period - Dan Ellis enters game.
17:28 of 2nd period - Vincent Lecavalier wins face-off versus Matt Stajan in neutral zone.
18:36 of 2nd period - Minor Penalty to Alex Tanguay for Holding.
18:37 of 2nd period - Jaromir Jagr wins face-off versus Vincent Lecavalier in Canucks zone.
18:50 of 2nd period - Alex Goligoski is hit by Vincent Lecavalier and loses puck.
19:25 of 2nd period - Backhand shot by Alex Goligoski.
19:25 of 2nd period - Shot Blocked by Ben Lovejoy.
Goals for this period are 1 for Devils vs 2 for Canucks.
Shots for this period are 10 for Devils vs 10 for Canucks.
3rd period
0:01 of 3rd period - Jaromir Jagr wins face-off versus Vincent Lecavalier in neutral zone.
0:12 of 3rd period - Slapshot by Alex Goligoski.
0:12 of 3rd period - Shot Misses the Net.
0:27 of 3rd period - Icing by Stephen Weiss.
0:28 of 3rd period - Jaromir Jagr wins face-off versus Stephen Weiss in Devils zone.
0:29 of 3rd period - Snap shot by Peter Worrell.
0:29 of 3rd period - Shot Misses the Net.
0:36 of 3rd period - Penalty to Alex Tanguay is over, Alex Tanguay is back on ice.
1:16 of 3rd period - Slapshot by Patrick Eaves.
1:16 of 3rd period - Shot Blocked by Karl Alzner.
1:24 of 3rd period - Slapshot by Joe Sakic.
1:24 of 3rd period - Stopped by Dan Ellis with a rebound.
1:26 of 3rd period - Slapshot by Karl Alzner.
1:26 of 3rd period - Stopped by Dan Ellis without a rebound.
1:27 of 3rd period - Vincent Lecavalier wins face-off versus Matt Stajan in Devils zone.
2:13 of 3rd period - Maxim Lapierre is hit by Chris Mcallister and loses puck.
2:22 of 3rd period - Brad Ference is hit by Nikolai Zherdev and loses puck.
2:31 of 3rd period - Snap shot by Maxim Lapierre.
2:31 of 3rd period - Deflect By Nikolai Zherdev.
2:31 of 3rd period - Stopped by Dan Ellis without a rebound.
2:32 of 3rd period - Matt Stajan wins face-off versus Vincent Lecavalier in Devils zone.
2:41 of 3rd period - Snap shot by Matt Stajan.
2:41 of 3rd period - Shot Misses the Net.
2:43 of 3rd period - Snap shot by Matt Stajan.
2:43 of 3rd period - Shot Blocked by Maxim Afinogenov.
2:45 of 3rd period - Slapshot by Andy Rogers.
2:45 of 3rd period - Shot Misses the Net.
3:55 of 3rd period - Slapshot by Alex Goligoski.
3:55 of 3rd period - Stopped by Dan Ellis without a rebound.
3:56 of 3rd period - Vincent Lecavalier wins face-off versus Maxim Lapierre in Devils zone.
4:07 of 3rd period - Snap shot by Vincent Lecavalier.
4:07 of 3rd period - Stopped by Carey Price with a rebound.
4:09 of 3rd period - Snap shot by Maxim Afinogenov.
4:09 of 3rd period - Shot Misses the Net.
4:11 of 3rd period - Wrist shot by Guillaume Latendresse.
4:11 of 3rd period - Shot Misses the Net.
4:46 of 3rd period - Kim Johnsson is hit by Greg Stewart and loses puck.
5:31 of 3rd period - Snap shot by Alex Tanguay.
5:31 of 3rd period - Stopped by Dan Ellis with a rebound.
6:26 of 3rd period - Andy Greene is hit by Steve Ott and loses puck.
6:43 of 3rd period - Wrist shot by Nikolai Zherdev.
6:43 of 3rd period - Shot Misses the Net.
6:49 of 3rd period - Slapshot by Alex Tanguay.
6:49 of 3rd period - Stopped by Dan Ellis with a rebound.
6:58 of 3rd period - Off-side.
6:59 of 3rd period - Matt Stajan wins face-off versus Stephen Weiss in neutral zone.
7:04 of 3rd period - Slapshot by Sami Lepisto.
7:04 of 3rd period - Deflect By Jaromir Jagr.
7:04 of 3rd period - Shot Blocked by Patric Hornqvist.
7:04 of 3rd period - Puck is out of play.
7:05 of 3rd period - Vincent Lecavalier wins face-off versus Matt Stajan in Devils zone.
7:18 of 3rd period - Snap shot by Vincent Lecavalier.
7:18 of 3rd period - Deflect By Maxim Afinogenov.
7:18 of 3rd period - Stopped by Carey Price without a rebound.
7:19 of 3rd period - Matt Stajan wins face-off versus Vincent Lecavalier in Canucks zone.
8:44 of 3rd period - Guillaume Latendresse is hit by David Jones and loses puck.
9:11 of 3rd period - Snap shot by Nils Ekman.
9:11 of 3rd period - Stopped by Dan Ellis with a rebound.
9:23 of 3rd period - Wrist shot by Greg Stewart.
9:23 of 3rd period - Shot Misses the Net.
9:25 of 3rd period - Snap shot by Dustin Boyd.
9:25 of 3rd period - Shot Misses the Net.
9:27 of 3rd period - Snap shot by Greg Stewart.
9:27 of 3rd period - Stopped by Carey Price without a rebound.
9:28 of 3rd period - Dustin Boyd wins face-off versus Matt Stajan in Canucks zone.
9:29 of 3rd period - Slapshot by Greg Stewart.
9:29 of 3rd period - Stopped by Carey Price with a rebound.
9:31 of 3rd period - Wrist shot by Patrick Eaves.
9:31 of 3rd period - Shot Blocked by Peter Worrell.
9:37 of 3rd period - Snap shot by Dustin Boyd.
9:37 of 3rd period - Stopped by Carey Price without a rebound.
9:38 of 3rd period - Vincent Lecavalier wins face-off versus Matt Stajan in Canucks zone.
9:47 of 3rd period - Maxim Afinogenov is hit by Alex Goligoski and loses puck.
10:08 of 3rd period - Slapshot by Mike Lundin.
10:08 of 3rd period - Shot Blocked by Alex Goligoski.
10:30 of 3rd period - Wrist shot by Steve Ott.
10:30 of 3rd period - Stopped by Dan Ellis with a rebound.
10:32 of 3rd period - Snap shot by Ryan Craig.
10:32 of 3rd period - Shot Misses the Net.
10:34 of 3rd period - Slapshot by Kim Johnsson.
10:34 of 3rd period - Stopped by Dan Ellis with a rebound.
10:55 of 3rd period - Sami Lepisto is hit by Dustin Boyd and loses puck.
11:53 of 3rd period - Snap shot by Dustin Boyd.
11:53 of 3rd period - Stopped by Carey Price with a rebound.
12:00 of 3rd period - Off-side.
12:01 of 3rd period - Vincent Lecavalier wins face-off versus Matt Stajan in neutral zone.
12:16 of 3rd period - Snap shot by Jaromir Jagr.
12:16 of 3rd period - Shot Blocked by Ben Lovejoy.
12:26 of 3rd period - David Jones is hit by Patric Hornqvist and loses puck.
13:39 of 3rd period - Wrist shot by Stephen Weiss.
13:39 of 3rd period - Shot Blocked by Steve Ott.
14:12 of 3rd period - Slapshot by Vincent Lecavalier.
14:12 of 3rd period - Goal by Vincent Lecavalier - Devils : 2 - Canucks : 4.
14:13 of 3rd period - Vincent Lecavalier wins face-off versus Matt Stajan in neutral zone.
15:25 of 3rd period - Wrist shot by Jaromir Jagr.
15:25 of 3rd period - Stopped by Dan Ellis without a rebound.
15:26 of 3rd period - Peter Worrell wins face-off versus Vincent Lecavalier in Devils zone.
15:41 of 3rd period - Snap shot by Jaromir Jagr.
15:41 of 3rd period - Shot Misses the Net.
16:16 of 3rd period - Steve Montador is hit by Vincent Lecavalier and loses puck.
16:27 of 3rd period - Slapshot by Guillaume Latendresse.
16:27 of 3rd period - Shot Misses the Net.
16:39 of 3rd period - Wrist shot by Alex Tanguay.
16:39 of 3rd period - Shot Misses the Net.
16:41 of 3rd period - Snap shot by Nikolai Zherdev.
16:41 of 3rd period - Stopped by Dan Ellis without a rebound.
16:42 of 3rd period - Matt Stajan wins face-off versus Dustin Boyd in Devils zone.
16:43 of 3rd period - Snap shot by Peter Worrell.
16:43 of 3rd period - Stopped by Dan Ellis without a rebound.
16:44 of 3rd period - Matt Stajan wins face-off versus Dustin Boyd in Devils zone.
16:47 of 3rd period - Wrist shot by Jaromir Jagr.
16:47 of 3rd period - Deflect By Matt Stajan.
16:47 of 3rd period - Shot Misses the Net.
16:47 of 3rd period - Puck is out of play.
16:48 of 3rd period - Matt Stajan wins face-off versus Dustin Boyd in Devils zone.
17:18 of 3rd period - Off-side.
17:19 of 3rd period - Stephen Weiss wins face-off versus Jaromir Jagr in neutral zone.
17:32 of 3rd period - Patric Hornqvist is hit by Jaromir Jagr and loses puck.
19:50 of 3rd period - Icing by Vincent Lecavalier.
19:51 of 3rd period - Alex Tanguay wins face-off versus Vincent Lecavalier in Devils zone.
Goals for this period are 1 for Devils vs 0 for Canucks.
Shots for this period are 7 for Devils vs 12 for Canucks.
Output by the SimonT Hockey Simulator (STHS) for François Prévost -- Original Page W3C XHTML 1.0 Valid